 Dungeon Crawl Stone Soup version 0.20.1-1-g8b1a95d (webtiles) character file.

365 LeVisiteur the Slasher (level 6, -11/43 HPs)
             Began as a Demonspawn Chaos Knight on July 23, 2017.
             Killed from afar by Dowan (21 damage)
             ... with a shard of ice
             ... on level 4 of the Dungeon.
             The game lasted 00:23:55 (3211 turns).

LeVisiteur the Slasher (Demonspawn Chaos Knight)    Turns: 3211, Time: 00:23:55

Health: -11/43     AC:  5    Str: 16    XL:     6   Next: 40%
Magic:  6/6        EV: 12    Int: 14    God:    Xom [..*...]
Gold:   217        SH:  0    Dex: 12    Spells: 5/5 levels left

rFire    + . .     SeeInvis .   a - +0 falchion (chaos)
rCold    . . .     Gourm    .   (no shield)
rNeg     . . .     Faith    .   b - +2 leather armour
rPois    .         Spirit   .   (helmet restricted)
rElec    .         Reflect  .   (no cloak)
rCorr    .         Harm     .   (no gloves)
MR       .....     Clarity  +   (no boots)
Stlth    +.........             (no amulet)
Regen    0.2/turn               (no ring)
MPRegen  0.1/turn               (no ring)

@: lethally poisoned (-11 -> -13), glowing
A: antennae 1, hooves 1, clarity, demonic guardian 1, fire resistance 1, frail
1, foul stench 1, strong 1, rot immunity, sturdy frame 1
a: Renounce Religion


You were on level 4 of the Dungeon.
You worshipped Xom.
You were a toy of Xom.
You were very full.

You visited 1 branch of the dungeon, and saw 4 of its levels.

You collected 217 gold pieces.

Inventory:

Hand Weapons
 a - a +0 falchion of chaos (weapon)
 o - a +0 blowgun
Missiles
 p - 14 poisoned needles
Armour
 b - a +2 leather armour (worn)
Jewellery
 i - an uncursed ring of ice
Wands
 q - a wand of confusion (38/48)
Scrolls
 h - a scroll of amnesia {unknown}
 m - a scroll of remove curse {unknown}
 n - a scroll of blinking {unknown}
Potions
 d - a potion of ambrosia {unknown}
 e - 2 potions of lignification
 g - a potion of might {unknown}
 j - a potion of flight {unknown}
 k - a potion of agility {unknown}
 l - a potion of cancellation {unknown}
Comestibles
 c - 4 bread rations
 f - 2 meat rations


   Skills:
 + Level 4.1 Fighting
 + Level 4.9 Long Blades
 + Level 2.6 Armour
 + Level 2.5 Dodging
 + Level 1.1 Stealth


You had 5 spell levels left.
You didn't know any spells.

Dungeon Overview and Level Annotations

Branches:
Dungeon (4/15)
 Temple: D:4-7

Altars:

Annotations:
D:4 Dowan, Grinder


Innate Abilities, Weirdness & Mutations

You have a pair of small antennae on your head.
A weak demonic guardian rushes to your aid.
You may emit foul miasma when damaged in melee.
You are immune to rotting.
Your movements are slightly less encumbered by armour. (ER -2)
You have large cloven feet.
You possess an exceptional clarity of mind.
Your flesh is heat resistant. (rF+)
You are frail. (-10% HP)
Your muscles are strong. (Str +2)


Message History

You feel sick. Dowan casts a spell at you. The puff of flame hits you!
You resist. Duvessa hits you with a rapier.
* * * LOW HITPOINT WARNING * * *
You emit a cloud of foul miasma!
Your iron imp barely misses Duvessa.
You barely miss Duvessa.
Duvessa is almost dead.
Duvessa is engulfed in dark miasma.
Duvessa is poisoned.
You kill Duvessa!
Dowan's eyes darken. "You have made a black mistake."
Dowan seems to find hidden reserves of power!
Dowan casts a spell.
Dowan blinks!
Dowan mumbles some strange words.
Dowan blinks!
You feel sick. Dowan gestures at you while chanting. The shard of ice hits you!
You die...
Xom bursts into laughter!

#...#.# .. #...#.# ...
#.....#... ........ ..
.....##. ...
......#######.#########.
....#.#....##.##....?...
.#.##.#[...##.##e..§....
.#.##.#....##...@§......
.#.##.#....##..5....###.
.#.##......##...§...#
.#.###.....##=......#
##.###..............#
#...##..............#
#...###.....†.......#
'...# #..####.......#
#...####.####.......#


You could see Dowan and a friendly iron imp.

Vanquished Creatures
  Duvessa (D:4)
  The ghost of Charly the Insei, an amateur DsSk (D:4)
  An orc wizard (D:3)
  A worker ant (D:4)
  4 adders
  An ooze (shapeshifter) (D:3)
  2 dart slugs (D:2)
  2 leopard geckos
  10 orcs (D:3)
  3 bats
  4 giant cockroaches
  8 goblins
  6 hobgoblins
  8 jackals
  5 kobolds
  2 frilled lizards (D:2)
  5 rats
64 creatures vanquished.

Vanquished Creatures (collateral kills)
  An ogre (D:4)
  A worker ant (D:4)
2 creatures vanquished.

Vanquished Creatures (others)
  An orc wizard (D:3)
1 creature vanquished.

Grand Total: 67 creatures vanquished

Notes
Turn   | Place    | Note
-------+----------+-------------------------------------------
     0 | D:1      | LeVisiteur the Demonspawn Chaos Knight began the quest for the Orb.
     0 | D:1      | Reached XP level 1. HP: 18/18 MP: 1/1
   134 | D:1      | XOM: divination: magic mapping
   145 | D:1      | XOM: summons 1 friendly demon
   217 | D:1      | Gained mutation: Your movements are slightly less encumbered by armour. (ER -2) [demonic ancestry]
   217 | D:1      | Reached XP level 2. HP: 21/24 MP: 2/2
   435 | D:1      | XOM: cast spell 'Summon Hydra'
   736 | D:1      | You fall through a shaft!
   758 | D:2      | XOM: swap monsters
  1028 | D:2      | Reached skill level 1 in Dodging
  1071 | D:2      | Gained mutation: A weak demonic guardian rushes to your aid. [demonic ancestry]
  1071 | D:2      | Reached XP level 3. HP: 8/29 MP: 3/3
  1209 | D:2      | XOM: give mutations
  1209 | D:2      | Gained mutation: Your muscles are strong. (Str +2) [Xom's mischief]
  1209 | D:2      | Gained mutation: You are frail. (-10% HP) [Xom's mischief]
  1209 | D:2      | Gained mutation: You possess an exceptional clarity of mind. [Xom's mischief]
  1216 | D:2      | XOM: give mutations
  1216 | D:2      | Gained mutation: Your flesh is heat resistant. (rF+) [Xom's grace]
  1216 | D:2      | Gained mutation: You have large cloven feet. [Xom's grace]
  1427 | D:2      | XOM: divination: magic mapping
  1556 | D:2      | XOM: harmless Pois miscast
  1721 | D:3      | Gained mutation: You have a pair of small antennae on your head. [demonic ancestry]
  1721 | D:3      | Reached XP level 4. HP: 31/33 MP: 4/4
  1731 | D:3      | XOM: potion effect (invisibility)
  1831 | D:3      | XOM: noise
  2322 | D:3      | XOM: mild Ice miscast
  2397 | D:3      | Gained mutation: You are immune to rotting. [demonic ancestry]
  2397 | D:3      | Reached XP level 5. HP: 35/37 MP: 5/5
  2550 | D:4      | Noticed Charly's ghost (amateur DsSk)
  2555 | D:4      | XOM: potion effect (brilliance)
  2629 | D:4      | Noticed a phantom
  2650 | D:4      | Noticed Grinder
  2657 | D:4      | Killed Charly's ghost
  2657 | D:4      | Reached skill level 1 in Stealth
  2668 | D:4      | Noticed an ogre
  2680 | D:4      | XOM: divination: detect creatures
  2682 | D:4      | XOM: potion effect (brilliance)
  2683 | D:4      | Killed an ogre
  2683 | D:4      | Gained mutation: You may emit foul miasma when damaged in melee. [demonic ancestry]
  2683 | D:4      | Reached XP level 6. HP: 4/43 MP: 6/6
  2768 | D:3      | XOM: divination: detect items
  2793 | D:3      | XOM: harmless Summ miscast
  3198 | D:4      | Noticed Duvessa
  3199 | D:4      | Noticed Dowan
  3200 | D:4      | XOM: harmless Tmut miscast
  3209 | D:4      | Killed Duvessa
  3211 | D:4      | Killed from afar by Dowan

Skill      XL: |  1  2  3  4  5 |
---------------+----------------+-----
Long Blades    | 3 4 |  4.9
Dodging        | 1 2 |  2.5
Armour         | 2 |  2.6
Fighting       | 4 |  4.1
Stealth        | 1 |  1.1

Action                   |  1- 3 |  4- 6 || total
-------------------------+-------+-------++-------
Melee: Falchion          |    89 |   110 ||   199
       Kick              |    10 |    25 ||    35
  Use: Potion            |     2 |     2 ||     4
       Scroll            |     1 |     2 ||     3
 Stab: Confused          |     1 |       ||     1
       Invisible         |       |     2 ||     2
  Eat: Bread ration      |     1 |       ||     1
       Meat ration       |       |     2 ||     2
Armor: Leather armour    |    40 |    35 ||    75
Dodge: Dodged            |    51 |    74 ||   125
       Rpst.: Falchion   |    20 |    23 ||    43
